 Dungeon Crawl Stone Soup version 0.30-a0-629-gd54f4be4f7 (webtiles) character file.

Game seed: 11822800698044761667

3440 Dittersdorf the Fighter (level 10, -7/65 HPs)
             Began as a Gargoyle Fighter on Jan 12, 2023.
             Was a Follower of Okawaru.
             Mangled by a fire crab (10 damage)
             ... on level 9 of the Dungeon.
             The game lasted 00:16:43 (8867 turns).

Dittersdorf the Fighter (Gargoyle Fighter)          Turns: 8867, Time: 00:16:44

Health: -7/65      AC: 20    Str: 31    XL:     10   Next: 5%
Magic:  10/10      EV: 10    Int:  8    God:    Okawaru [*.....]
Gold:   105        SH:  5    Dex:  9    Spells: 9/9 levels left

rFire   . . .      SeeInvis .    a - +0 flail
rCold   . . .      Faith    .    c - +0 buckler
rNeg    + . .      Spirit   .    b - +0 scale mail
rPois   ∞          Reflect  .    (no helmet)
rElec   +          Harm     .    t - +0 cloak
rCorr   .          Rampage  .    g - +1 pair of gloves {hurl}
Will    .....                    n - +0 pair of boots Stlth
                                 k - amulet of the acrobat
HPRegen 0.30/turn                l - +6 ring of strength
MPRegen 0.12/turn                (no ring)

@: mighty
A: sickness immunity, AC +7, negative energy resistance 1, electricity
resistance, torment resistance 1, petrification resistance
a: Renounce Religion, Heroism


You were on level 9 of the Dungeon.
You worshipped Okawaru.
Okawaru was aware of your devotion.
You visited 2 branches of the dungeon, and saw 10 of its levels.

You collected 322 gold pieces.
You spent 217 gold pieces at shops.

Inventory:

Hand Weapons
 a - a +0 flail (weapon)
Missiles
 f - 22 poisoned darts (quivered)
 A - a curare-tipped dart
Armour
 b - a +0 scale mail (worn)
 c - a +0 buckler (worn)
 g - a +1 pair of gloves of hurling (worn)
 n - a +0 pair of boots (worn)
 t - a +0 cloak (worn)
 y - a +0 plate armour
Jewellery
 k - an amulet of the acrobat (around neck)
 l - a +6 ring of strength (left hand)
 p - a ring of ice
Wands
 r - a wand of iceblast (12)
 u - a wand of light (4)
 z - a wand of polymorph (8)
Scrolls
 e - a scroll of fear
 h - 3 scrolls of enchant armour
 s - a scroll of fog
 v - a scroll of teleportation
Potions
 d - 2 potions of might
 i - 9 potions of curing
 m - 2 potions of mutation
 o - a potion of flight
 q - a potion of magic {unknown}
 w - 2 potions of lignification {unknown}
 x - a potion of brilliance {unknown}
 B - a potion of cancellation {unknown}


   Skills:
 + Level 8.4 Fighting
 + Level 7.2 Maces & Flails
 + Level 8.3 Armour
 + Level 8.3 Shields


You had 9 spell levels left.
You didn't know any spells.
Your spell library contained the following spells:

 Spells                   Type           Power      Damage    Failure   Level
 Sandblast                Erth           0%         2d4       69%         1
 Ensorcelled Hibernation  Hex/Ice        0%         N/A       83%         2
 Passwall                 Tmut/Erth      0%         N/A       83%         2
 Stone Arrow              Conj/Erth      0%         3d7       96%         3
 Swiftness                Air            0%         N/A       96%         3
 Airstrike                Air            0%         2d(0-16)  100%        4
 Blade Hands              Tmut           0%         N/A       100%        5
 Lightning Bolt           Conj/Air       0%         1d11      100%        5
 Iron Shot                Conj/Erth      0%         9d1       100%        6
 Animate Armour           Summ/Erth      Unusable   N/A       N/A         4
 Summon Lightning Spire   Summ/Air       Unusable   N/A       N/A         4

Dungeon Overview and Level Annotations

Branches:
Dungeon (9/15)             Temple (1/1) D:4            Lair (0/5) D:9
    Orc: D:9-12

Altars:
Ashenzari
Cheibriados
Elyvilon
Fedhas
Gozag
Kikubaaqudgha
Makhleb
Nemelex Xobeh
Okawaru
Qazlal
Ru
Sif Muna
Trog
Uskayaw
Vehumet
Wu Jian
Xom
Yredelemnul
The Shining One

Shops:
D:5 [


Innate Abilities, Weirdness & Mutations

You are immune to sickness and miasma.
Your stone body is resilient. (AC +7)
You are immune to poison.
You resist negative energy. (rN+)
You are resistant to electric shocks. (rElec)
You are resistant to unholy torment.
You are immune to petrification.


Message History

You are confused.
You feel invigorated. The fire crab barely misses you.
The fire crab claws you but does no damage.
You sock the fire crab!
The fire crab is moderately wounded.
The fire crab closely misses you.
The fire crab claws you but does no damage.
You bump into the rock wall.
The fire crab bites you but does no damage.
The fire crab claws you but does no damage.
You're too confused to move!
The fire crab bites you but does no damage.
The fire crab claws you but does no damage.
You barely miss the fire crab.
The fire crab is moderately wounded.
The fire crab bites you but does no damage.
The fire crab claws you but does no damage.
You hit the fire crab.
The fire crab is heavily wounded.
You feel less invigorated.
You feel less confused.
The fire crab bites you but does no damage.
The fire crab claws you!
You are engulfed in flames!
You barely miss the fire crab.
The fire crab is heavily wounded.
The fire crab bites you.
You are engulfed in flames!
* * * LOW HITPOINT WARNING * * *
You block the fire crab's attack.
You closely miss the fire crab.
The fire crab is heavily wounded.
The fire crab breathes flames at you. The blast of flame misses you.
You sock the fire crab!
The fire crab is severely wounded.
You are engulfed in blazing flames.
* * * LOW HITPOINT WARNING * * *
You block the fire crab's attack. The fire crab claws you.
* * * LOW HITPOINT WARNING * * *
You are engulfed in flames!
You die...

#. ... ##########
.... #@........
....# #.t≈§≈.§..
.....##.≈.≈≈§§§(.
.......§§§..§≈≈..
........≈≈.>.§§..
....###.≈§§§.≈≈.#
.....#...§≈§≈≈≈§.
.........§≈≈§§...
...#............#


You could see a fire crab.

Vanquished Creatures
  A two-headed ogre (D:8)
  A wyvern (D:7)
  A steam dragon (D:8)
  A black bear (D:5)
  An orc warrior (D:6)
  2 sky beasts
  2 centaurs (D:6)
  An ogre (D:5)
  2 phantoms
  A kobold brigand (D:7)
  A bullfrog (D:6)
  2 necrophages (D:5)
  A gnoll sergeant (D:8)
  A scorpion (D:6)
  6 jellies
  2 howler monkeys
  2 gnoll boudas
  4 orc priests
  4 hounds
  4 iguanas
  12 orc wizards
  4 adders
  22 gnolls
  A shadow imp (D:7)
  A white imp (D:6)
  An ufetubus (D:5)
  2 worms
  4 dart slugs
  36 orcs
  6 ball pythons
  9 endoplasms
  2 giant cockroaches
  7 goblins
  5 hobgoblins
  4 jackals (D:4)
  16 kobolds
  2 quokkas
  10 bats
  3 frilled lizards
  A rat (D:2)
188 creatures vanquished.

Vanquished Creatures (others)
  An orc wizard (D:5)
  An orc (D:8)
  2 plants (D:4)
4 creatures vanquished.

Grand Total: 192 creatures vanquished

Notes
Turn   | Place    | Note
-------+----------+-------------------------------------------
     0 | D:1      | Dittersdorf the Gargoyle Fighter began the quest for the
                  | Orb.
     0 | D:1      | Reached XP level 1. HP: 14/14 MP: 1/1
   160 | D:1      | Reached XP level 2. HP: 15/19 MP: 2/2
   678 | D:2      | Reached XP level 3. HP: 24/24 MP: 3/3
  1488 | D:3      | Identified the +12 dagger "Newtbane" {freeze, Int+6}
  1561 | D:3      | Reached XP level 4. HP: 29/29 MP: 4/4
  1676 | D:3      | Reached XP level 5. HP: 10/33 MP: 5/5
  2224 | D:4      | Found a staircase to the Ecumenical Temple.
  2254 | Temple   | Entered the Ecumenical Temple
  2654 | D:4      | Found a blossoming altar of Fedhas.
  2724 | D:4      | Reached XP level 6. HP: 23/39 MP: 6/6
  3114 | D:5      | Entered Level 5 of the Dungeon
  3367 | D:5      | Found Ahogaofae's Antique Armour Shoppe.
  3624 | D:5      | Reached skill level 5 in Fighting
  3624 | D:5      | Reached skill level 5 in Armour
  3728 | D:5      | Bought a pair of runed gloves for 217 gold pieces
  3937 | D:5      | Reached skill level 5 in Shields
  3937 | D:5      | Reached XP level 7. HP: 44/44 MP: 7/7
  4712 | D:5      | Reached XP level 8. HP: 51/51 MP: 8/8
  4796 | D:6      | Reached skill level 5 in Maces & Flails
  5334 | D:6      | Found a basalt altar of Yredelemnul.
  6172 | D:6      | Reached XP level 9. HP: 27/57 MP: 9/9
  6562 | D:7      | Found a sparkling altar of Nemelex Xobeh.
  6868 | D:7      | Found a hide-covered altar of Uskayaw.
  6987 | D:7      | Identified the +2 sling "Ruvywn" {antimagic, rN+ Stlth+}
  7500 | D:8      | Noticed a two-headed ogre
  7606 | D:8      | Found a shimmering blue altar of Sif Muna.
  7609 | D:8      | Found an iron altar of Okawaru.
  7610 | D:8      | Found a white marble altar of Elyvilon.
  7613 | D:8      | Became a worshipper of Warmaster Okawaru
  7634 | D:8      | Found a sacrificial altar of Ru.
  8784 | D:8      | Killed a two-headed ogre
  8784 | D:8      | Reached * piety under Okawaru
  8785 | D:8      | Reached XP level 10. HP: 65/65 MP: 10/10
  8847 | D:9      | Noticed a fire crab
  8847 | D:9      | Found a staircase to the Lair.
  8867 | D:9      | HP: 3/65 [fire crab (4)]
  8867 | D:9      | Mangled by a fire crab

Illustrated notes

Levels and vault maps discovered:
D:1:      lightli_arrival_statuegarden, layout_loops_ring
D:2:      layout_basic
D:3:      layout_basic
D:4:      layout_basic, fedhas_ov_isle_minmay, minmay_temple_entry_offerings
D:5:      black_bear_nest_1, layout_basic, serial_curves, eino_curves_04,
          eino_curves_02, minmay_shop_grid_forest, supply_closet_lemuel,
          nicolae_titane
D:6:      minmay_razor_zed, layout_loops_ring, mainiacjoe_overflow_24_doors,
          chequers_avenue
D:7:      layout_loops_cross, nicolae_uskayaw_dance_hall,
          mainiacjoe_overflow_brackets, serial_rivers,
          chequers_serial_rivers_room_b, chequers_serial_rivers_small_b,
          chequers_serial_rivers_room_b, chequers_serial_rivers_small_3,
          chequers_serial_rivers_small_a, chequers_serial_rivers_room_b
D:8:      layout_gridville, gammafunk_temple_overflow_forgotten,
          nicolae_ru_great_annihilating_truth, minmay_liquid_box,
          feat_on_display
D:9:      layout_cave_pools, marbit_many_paths, mainiacjoe_overflow_catwalk,
          minmay_lair_entry_lava, serial_gnoll_camp, gnoll_camp_mini_house,
          gnoll_camp_huts_basic, gnoll_camp_mini_house,
          gnoll_camp_mini_loothouse, gnoll_camp_mini_hut, gnoll_camp_mini_hut,
          nicolae_diode_intersection
Temple:   nicolae_temple_bog_church

Skill      XL: |  1  2  3  4  5  6  7  8  9 |
---------------+----------------------------+-----
Fighting       | 4 5 7 8 |  8.4
Armour         | 4 5 7 8 |  8.3
Shields        | 4 5 6 8 |  8.3
Maces & Flails | 3 4 5 7 |  7.2

Action                   |  1- 3 |  4- 6 |  7- 9 | 10-12 || total
-------------------------+-------+-------+-------+-------++-------
Melee: Flail             |   109 |   194 |   474 |     8 ||   785
Throw: Dart              |       |       |    15 |       ||    15
Evoke: Wand              |       |       |     1 |       ||     1
  Use: Scroll            |       |     8 |     6 |       ||    14
       Potion            |       |       |       |     2 ||     2
 Stab: Invisible         |       |       |     1 |       ||     1
       Paralysed         |       |       |     1 |       ||     1
Armor: Scale mail        |    52 |   112 |   267 |    12 ||   443
Dodge: Dodged            |    71 |   127 |   247 |     3 ||   448
Block: Buckler           |    22 |    41 |   121 |     3 ||   187

Table legend: (Time is in decaauts)
 A = Elapsed time spent in this place.
 B = Non-inter-level travel time spent in this place.
 C = Inter-level travel time spent in this place.
 D = Time resting spent in this place.
 E = Time spent auto-exploring this place.
 F = Levels seen in this place.
 G = Mean time per level.
                   A        B        C        D        E       F      G
               +--------+--------+--------+--------+--------+-----+--------+
         Total |   9079 |   8678 |    401 |   1524 |   5054 |  10 |  907.9 |
       Dungeon |   8825 |   8424 |    401 |   1452 |   4905 |   9 |  980.6 |
        Temple |    254 |    254 |      0 |     72 |    148 |   1 |  254.0 |
               +--------+--------+--------+--------+--------+-----+--------+

Top non-repeatable levels by time:
     D:7: 1788 daAuts
     D:6: 1662 daAuts
     D:5: 1308 daAuts
     D:4: 1041 daAuts
     D:8: 864 daAuts
     D:2: 740 daAuts
     D:3: 724 daAuts
     D:1: 676 daAuts
  Temple: 254 daAuts
     D:9: 20 daAuts
